 Dungeon Crawl Stone Soup version 0.28-a0-851-g8b9cc49659 (webtiles) character file.

Game seed: 10032640458635439453

88067 jasper the Arsonist (level 15, -5/120 HPs)
             Began as a Demonspawn Venom Mage on Nov 14, 2021.
             Was a High Priest of Vehumet.
             Slain by a +6 long sword (23 damage)
             ... on level 14 of the Dungeon.
             The game lasted 01:01:48 (33207 turns).

jasper the Arsonist (Demonspawn Venom Mage)        Turns: 33207, Time: 01:01:49

Health: -5/120     AC:  8    Str:  8    XL:     15   Next: 45%
Magic:  0/31       EV: 18    Int: 26    God:    Vehumet [*****.]
Gold:   4275       SH: 12    Dex: 19    Spells: 9/38 levels left

rFire   + + .      SeeInvis .   e - +0 whip (elec)
rCold   + . .      Faith    .   O - +1 buckler {reflect}
rNeg    . . .      Spirit   +   f - +0 robe "Quplyff" {Contam rF++ Archmagi}
rPois   .          Reflect  +   R - +1 hat
rElec   .          Harm     .   l - +2 cloak {rCorr}
rCorr   +          Rampage  .   o - +0 pair of gloves
Will    ++++.      Archmagi +   E - +0 pair of boots
Stlth   ++........              U - amulet of Buceim {Reflect Dex+5 SH+5}
HPRegen 0.30/turn               X - ring of the Mage {Wiz Will++ Int+3}
MPRegen 0.44/turn               k - ring of protection from cold

@: no status effects
A: antennae 2, foul stench 1, magic shield, magic regeneration, magic link,
demonic willpower, weakness stinger 1, demonic touch 1
a: Renounce Religion


You were on level 14 of the Dungeon.
You worshipped Vehumet.
Vehumet was extremely pleased with you.
You visited 4 branches of the dungeon, and saw 24 of its levels.
You also visited: Sewer, Bailey and Gauntlet.

You collected 5119 gold pieces.
You spent 844 gold pieces at shops.

Inventory:

Hand Weapons
 e - a +0 whip of electrocution (weapon)
Missiles
 h - 8 javelins
 w - 2 throwing nets
Armour
 f - the +0 robe "Quplyff" (worn) {Contam rF++ Archmagi}
   (You found it in a bailey)

   rF:        It greatly protects you from fire.
   Contam:    It causes magical contamination when unequipped.
   Archmagi:  It increases the power of your magical spells.
 l - a +2 cloak of preservation (worn)
 o - a +0 pair of gloves (worn)
 z - +1 steam dragon scales
 E - a +0 pair of boots (worn)
 H - a +0 kite shield
 O - a +1 buckler of reflection (worn)
 R - a +1 hat (worn)
 Z - a +2 kite shield of protection
Magical Staves
 a - a staff of cold
 d - a staff of air
Jewellery
 g - a ring of flight
 k - a ring of protection from cold (right hand)
 q - an amulet of faith
 s - a ring of wizardry
 u - an amulet of the acrobat
 M - a ring of willpower
 U - the amulet of Buceim (around neck) {Reflect Dex+5 SH+5}
   (You found it in a Gauntlet)

   [amulet of reflection]

   It reflects blocked missile attacks.
   Dex:       It affects your dexterity (+5).
   SH:        It affects your SH (+5).
 V - the amulet of Zeim {Faith rElec rCorr Int-4 Dex+5}
   (You found it in a Gauntlet)

   [amulet of faith]

   It allows you to gain divine favour quickly.
   Int:       It affects your intelligence (-4).
   Dex:       It affects your dexterity (+5).
   rElec:     It insulates you from electricity.
   rCorr:     It protects you from acid and corrosion.
 X - the ring of the Mage (left hand) {Wiz Will++ Int+3}
   (You found it in a bailey)

   [ring of wizardry]

   It improves your spell success rate.
   Int:       It affects your intelligence (+3).
   Will:      It greatly increases your willpower.
Wands
 m - a wand of flame (32)
 n - a wand of polymorph (7)
 x - a wand of digging (4)
 y - a wand of paralysis (18)
 C - a wand of iceblast (21)
 L - a wand of acid (11)
 Y - a wand of mindburst (11)
Scrolls
 j - 3 scrolls of amnesia
 r - 3 scrolls of fog
 t - 5 scrolls of fear
 v - 4 scrolls of blinking
 A - 5 scrolls of enchant weapon
 G - a scroll of summoning
 N - 2 scrolls of immolation
 P - 5 scrolls of teleportation
 S - 7 scrolls of identify
Potions
 b - 2 potions of heal wounds
 c - a potion of flight
 i - 3 potions of haste
 p - 4 potions of brilliance
 B - 8 potions of curing
 D - 2 potions of resistance
 I - a potion of mutation
 J - 2 potions of attraction
 K - 2 potions of ambrosia
 Q - 2 potions of cancellation
 T - a potion of lignification
Miscellaneous
 F - a tin of tremorstones (1/2)
 W - a box of beasts (inert)


   Skills:
 - Level 12.0 Fighting
 - Level 10.0 Dodging
 - Level 1.7 Stealth
 + Level 6.4 Shields
 - Level 12.0 Spellcasting
 - Level 10.0 Conjurations
 - Level 0.8 Transmutations
 - Level 12.5 Fire Magic
 - Level 2.2 Air Magic
 - Level 8.0 Poison Magic


You had 9 spell levels left.
You knew the following spells:

 Your Spells              Type           Power      Damage    Failure   Level
a - Sublimation of Blood  Necr           23%        N/A       2%          2
b - Mephitic Cloud        Conj/Pois/Air  66%        N/A       1%          3
c - Ignite Poison         Fire/Tmut/Pois 68%        N/A       1%          3
d - Olgreb's Toxic Radia  Pois           72%        N/A       1%          4
e - Swiftness             Air            40%        N/A       1%          3
f - Flame Wave            Conj/Fire      84%        3d14      1%          4
g - Blink                 Tloc           46%        N/A       2%          2
h - Ignition              Fire           44%        3d13      16%         8

Your spell library contained the following spells:

 Spells                   Type           Power      Damage    Failure   Level
 Ozocubu's Refrigeration  Ice            11%        4d7       91%         7
 Animate Skeleton         Necr           46%        N/A       1%          1
 Foxfire                  Conj/Fire      100%       2x1d9     1%          1
 Shock                    Conj/Air       100%       1d9       1%          1
 Slow                     Hex            92%        N/A       1%          1
 Sting                    Tmut/Pois      100%       1d8       1%          1
 Poisonous Vapours        Pois/Air       100%       N/A       1%          2
 Static Discharge         Conj/Air       63%        N/A       1%          2
 Wereblood                Tmut           30%        N/A       1%          2
 Conjure Flame            Conj/Fire      84%        6-21      1%          3
 Dazzling Flash           Conj/Hex       100%       N/A       1%          3
 Inner Flame              Hex/Fire       64%        N/A       1%          3
 Stone Arrow              Conj/Erth      100%       3d13      1%          3
 Airstrike                Air            20%        N/A       1%          4
 Iskenderun's Mystic Bla  Conj/Tloc      58%        2d12      1%          4
 Sticky Flame             Conj/Fire      84%        2d10      1%          4
 Iskenderun's Battlesphe  Conj           79%        2d13      1%          5
 Starburst                Conj/Fire      42%        6d12      1%          6
 Freezing Cloud           Conj/Ice/Air   26%        6-21      2%          5
 Confusing Touch          Hex            23%        N/A       4%          3
 Gell's Gravitas          Tloc           23%        N/A       4%          3
 Lesser Beckoning         Tloc           23%        N/A       4%          3
 Vampiric Draining        Necr           23%        2d7       4%          3
 Petrify                  Tmut/Erth      26%        N/A       12%         4
 Animate Armour           Summ/Erth      46%        N/A       16%         4
 Dispel Undead            Necr           23%        3d12      16%         4
 Manifold Assault         Tloc           23%        N/A       38%         5
 Summon Forest            Summ/Tloc      11%        N/A       38%         5
 Lehudib's Crystal Spear  Conj/Erth      29%        10d8      91%         8
 Summon Hydra             Summ           11%        N/A       100%        7


Dungeon Overview and Level Annotations

Branches:
Dungeon (15/15)            Temple (1/1) D:6            Lair (6/6) D:10
 Shoals (0/4) Lair:4        Snake (0/4) Lair:3        Slime (0/5) Lair:6
    Orc (2/2) D:12            Elf (0/3) Orc:2        Depths (0/4) D:15
  Sewer (visited)          Bailey (visited)         Gauntlet (visited)
 Vaults: D:13-14

Altars:
Ashenzari
Cheibriados
Dithmenos
Elyvilon
Fedhas
Gozag
Hepliaklqana
Kikubaaqudgha
Makhleb
Nemelex Xobeh
Okawaru
Qazlal
Ru
Sif Muna
Trog
Uskayaw
Vehumet
Wu Jian
Xom
Yredelemnul
Zin
The Shining One
Beogh
Jiyva

Shops:
D:12 ([   Orc:2 ?:((

Annotations:
D:3 3 runed translucent doors, bande's ghost, amateur GrFi
D:9 exclusion: obsidian statue, Erolcha
Lair:2 exclusion: oklob plant
Lair:5 exclusion: 2 oklob plants
Orc:1 1 runed translucent door, Moesa's ghost, journeyman GrFi


Innate Abilities, Weirdness & Mutations

You have a pair of antennae on your head.
You may rarely emit foul miasma when damaged in melee.
When hurt, damage is shared between your health and your magic reserves.
You regenerate magic rapidly.
When low on magic, you restore magic in place of health.
You punish those that try to bend your will. (Will+)
You have a small tail.
Your touch may inflict minor irresistible damage on your foes.


Message History

You block the +6 long sword's attack.
You regained 22 hp, and now have 79/120 hp.
Casting: Flame Wave (safe; 1% risk of failure)
Confirm with . or Enter, or press ? or * to list all spells.
Casting: Flame Wave (safe; 1% risk of failure)
Press: ? - help, Dir - look around, f - activate You feel a surge of power!
A wave of flame ripples out!
The flame wave engulfs the +6 long sword.
The +6 long sword resists.
The +6 long sword is severely damaged.
The flame wave engulfs the +3 long sword.
The +3 long sword resists.
The +3 long sword is lightly damaged. (Press . to intensify the flame waves.)
You hear a horrible gurgling sound! x3
You block the +3 long sword's attack. The +6 long sword hits you!!
The +3 long sword hits you!!
You emit a cloud of foul miasma!
You take 37 damage, and have 42/120 hp.
MASSIVE DAMAGE!!
You now have 3/31 mp.
A wave of flame ripples out!
The flame wave engulfs the +6 long sword.
The +6 long sword resists.
The +6 long sword is severely damaged.
The flame wave engulfs the +3 long sword.
The +3 long sword resists.
The +3 long sword is moderately damaged.
You hear a horrible gurgling sound! x2
You block the +6 long sword's attack. The +3 long sword hits you.
The +6 long sword hits you!!
* * * LOW HITPOINT WARNING * * *
You take 24 damage, and have 18/120 hp.
You now have 1/31 mp.
A wave of flame ripples out!
The flame wave engulfs the +6 long sword.
The +6 long sword resists.
The +6 long sword is almost destroyed.
The flame wave engulfs the +3 long sword.
The +3 long sword resists.
The +3 long sword is moderately damaged.
You hear a horrible gurgling sound! x2; You hear a shout!
You block the +3 long sword's attack. The +6 long sword hits you!!
You die...

........# ##).#######
.....#.....###..# .
..............[.# ..
..........#...#.## ..
#[...##..##._.#..## .. .....#
#.......#..#
.(#####....###.#####.##.##
...#(#......##.###.......#
u........u.....(@....(...#####
...........$...(...###.......#
#...#####$.##.#####...##...#.#
#.#.#......##.# #....# ##...#
..#.#.#######.####....####..##
..[<..........................
##....######.###..............
#...######............####..
..#.....>......##.#...# ♣


You could see a brown ugly thing and 2 dancing weapons.

Vanquished Creatures
  Jorgrun (Orc:1)
  Gastronok (Lair:1)
  Agnes (D:14)
  A minotaur (Gauntlet)
  Snorg (Orc:2)
  3 boulder beetles
  9 hydras
  A death knight (D:13)
  Erica (Lair:1)
  4 centaur warriors
  A two-headed ogre (D:7)
  6 tengu warriors
  6 death yaks (Lair:3)
  5 orc high priests (Orc:2)
  A sixfirhy (Gauntlet)
  3 wizards
  2 lindwurms
  4 harpies (D:15)
  14 orc knights
  A lindwurm (shapeshifter) (D:15)
  6 ugly things
  2 deep elf pyromancers
  An orc sorcerer (Orc:1)
  2 manticores
  3 cyclopes
  An oklob plant (Orc:2)
  6 elephants (Lair:2)
  Maurice (D:10)
  7 black mambas
  8 cane toads
  A gargoyle (D:13)
  A guardian serpent (Lair:3)
  4 merfolk sirens (Lair:4)
  2 rime drakes
  3 large abominations (Gauntlet)
  A torpor snail (Lair:5)
  An efreet (D:13)
  11 komodo dragons
  A tengu conjurer (D:15)
  6 trolls
  3 polar bears
  7 dream sheep (Lair:6)
  16 slime creatures
  7 blink frogs (Lair:4)
  2 shadows
  A tarantella (shapeshifter) (D:13)
  2 wraiths (D:11)
  7 wyverns
  A vampire (D:11)
  Grum (D:11)
  4 basilisks
  33 yaks
  A warg (Orc:1)
  2 steam dragons
  7 vampire mosquitoes
  3 small abominations (Gauntlet)
  A hell hound (Lair:6)
  15 water moccasins
  An acid dragon (D:11)
  Duvessa (D:7)
  53 orc warriors
  5 black bears
  3 sky beasts
  A hornet zombie (D:7)
  4 wolves (D:11)
  7 ogres
  11 centaurs
  2 kobold brigands
  A phantom (D:6)
  A gnoll sergeant (D:10)
  19 bullfrogs
  A scorpion (D:7)
  Dowan (D:7)
  8 wights
  2 howler monkeys (D:7)
  2 hounds
  3 centaur zombies
  2 bullfrog zombies
  2 jellies
  34 orc priests
  A bullfrog skeleton (D:7)
  Jessica (D:3)
  A centaur skeleton (D:5)
  A gnoll shaman (D:7)
  4 iguanas
  15 orc wizards
  A scorpion zombie (D:5)
  Ijyb (D:3)
  Natasha (thrice) (D:3)
  A killer bee zombie (D:7)
  A hound zombie (D:5)
  Robin (D:2)
  21 gnolls
  A howler monkey skeleton (D:7)
  9 adders
  A white imp (D:8)
  4 ufetubi
  4 worms
  A dart slug (D:1)
  76 orcs
  16 ball pythons
  14 endoplasms
  11 giant cockroaches (Sewer)
  8 hobgoblins
  10 jackals
  18 kobolds
  19 quokkas
  6 bats
  19 frilled lizards
  13 goblins
  2 rats
  2 bushes (Lair:3)
697 creatures vanquished.

Vanquished Creatures (others)
  A deep elf pyromancer (D:15)
  10 fungi
  33 plants
  2 withered plants (Orc:1)
46 creatures vanquished.

Grand Total: 743 creatures vanquished

Notes
Turn   | Place    | Note
-------+----------+-------------------------------------------
     0 | D:1      | jasper the Demonspawn Venom Mage began the quest for the
                  | Orb.
     0 | D:1      | Reached XP level 1. HP: 13/13 MP: 3/3
   259 | D:1      | Found a faded altar of an unknown god.
   516 | D:1      | Gained mutation: You regenerate magic rapidly. [demonic
                  | ancestry]
   516 | D:1      | Reached XP level 2. HP: 19/19 MP: 0/5
  1208 | D:2      | Gained mutation: When hurt, damage is shared between your
                  | health and your magic reserves. [demonic ancestry]
  1208 | D:2      | Reached XP level 3. HP: 14/24 MP: 1/6
  1415 | D:1      | Learned a level 3 spell: Mephitic Cloud
  1590 | D:2      | Discovered your monstrous ancestry.
  1590 | D:2      | Gained mutation: You have a pair of small antennae on your
                  | head. [demonic ancestry]
  1590 | D:2      | Reached XP level 4. HP: 30/30 MP: 4/7
  1643 | D:2      | Reached skill level 5 in Poison Magic
  2118 | D:2      | Learned a level 3 spell: Ignite Poison
  2158 | D:2      | Noticed Robin
  2170 | D:2      | Killed Robin
  3357 | D:3      | Found a burning altar of Makhleb.
  3370 | D:3      | Noticed Natasha
  3371 | D:3      | Noticed Ijyb
  3373 | D:3      | Killed Natasha
  3374 | D:3      | Reached XP level 5. HP: 27/35 MP: 3/8
  3375 | D:3      | Killed Ijyb
  3448 | D:3      | Noticed Jessica
  3455 | D:3      | Killed Jessica
  3677 | D:3      | Found a runed translucent gate.
  3678 | D:3      | Found a runed translucent gate.
  3679 | D:3      | Found a runed translucent gate.
  3682 | D:3      | Noticed bande's ghost (amateur GrFi)
  3724 | D:3      | Noticed Natasha
  3742 | D:3      | Killed Natasha
  4041 | D:3      | Found a sparkling altar of Nemelex Xobeh.
  4053 | D:3      | Noticed Natasha
  4067 | D:3      | HP: 1/35 [white imp[Natasha] (2)]
  4070 | D:3      | Killed Natasha
  4512 | D:4      | Reached XP level 6. HP: 41/41 MP: 4/9
  6004 | D:5      | Entered Level 5 of the Dungeon
  6088 | D:5      | Gained mutation: You have a small tail. [demonic ancestry]
  6088 | D:5      | Reached XP level 7. HP: 46/46 MP: 7/10
  6093 | D:5      | Learned a level 4 spell: Olgreb's Toxic Radiance
  6548 | D:5      | Found a glowing drain.
  6671 | Sewer    | Entered a sewer
  6826 | Sewer    | Reached skill level 1 in Conjurations
  7538 | Sewer    | Reached skill level 1 in Fire Magic
  7902 | D:5      | Learned a level 3 spell: Swiftness
  8043 | D:5      | Reached skill level 1 in Fighting
  8346 | D:6      | Found a snail-covered altar of Cheibriados.
  8378 | D:6      | Reached XP level 8. HP: 44/54 MP: 9/14
  8461 | D:6      | Identified the +10 scimitar "Supnom" {holy, Dex+4}
  8609 | D:6      | Reached skill level 1 in Air Magic
  8634 | D:6      | Found a staircase to the Ecumenical Temple.
  8656 | Temple   | Entered the Ecumenical Temple
  8832 | Temple   | Became a worshipper of Vehumet
  9183 | D:6      | Reached skill level 5 in Spellcasting
  9430 | D:6      | Found an ancient bone altar of Kikubaaqudgha.
 10320 | D:6      | Learned a level 4 spell: Flame Wave
 10390 | D:7      | Gained mutation: When low on magic, you restore magic in
                  | place of health. [demonic ancestry]
 10390 | D:7      | Reached XP level 9. HP: 47/64 MP: 4/18
 10675 | D:7      | Noticed Duvessa
 10679 | D:7      | Reached * piety under Vehumet
 10679 | D:7      | Offered knowledge of Magic Dart by Vehumet.
 10813 | D:7      | Killed Duvessa
 10938 | D:7      | Noticed Dowan
 10944 | D:7      | Killed Dowan
 11128 | D:7      | Noticed a five-headed hydra
 12764 | D:8      | Gained mutation: You may rarely emit foul miasma when
                  | damaged in melee. [demonic ancestry]
 12764 | D:8      | Reached XP level 10. HP: 64/73 MP: 8/21
 12911 | D:8      | Offered knowledge of Scorch by Vehumet.
 12911 | D:8      | Reached ** piety under Vehumet
 13693 | D:9      | Reached skill level 5 in Conjurations
 13856 | D:9      | Noticed Erolcha
 13882 | D:9      | Found an opulent altar of Gozag.
 14044 | D:9      | Noticed an obsidian statue
 14051 | D:9      | Noticed a sixfirhy
 14054 | D:9      | Noticed a rust devil
 14054 | D:9      | Noticed an orange demon
 14436 | D:7      | Noticed a brown ugly thing
 14443 | D:7      | Killed a brown ugly thing
 14444 | D:7      | Reached skill level 5 in Fighting
 15026 | D:7      | Noticed a two-headed ogre
 15037 | D:7      | Killed a two-headed ogre
 15082 | D:7      | Killed a five-headed hydra
 15083 | D:7      | Reached skill level 5 in Dodging
 15368 | D:7      | Found a hazy altar of Hepliaklqana.
 15715 | D:10     | Entered Level 10 of the Dungeon
 15760 | D:10     | Found a hide-covered altar of Uskayaw.
 15838 | D:10     | Gained mutation: Your touch may inflict minor irresistible
                  | damage on your foes. [demonic ancestry]
 15838 | D:10     | Reached XP level 11. HP: 55/81 MP: 6/23
 15841 | D:10     | Offered knowledge of Searing Ray by Vehumet.
 15965 | D:10     | Found a blossoming altar of Fedhas.
 16012 | D:10     | Noticed an orc knight
 16018 | D:10     | Killed an orc knight
 16214 | D:10     | Found a staircase to the Lair.
 16261 | D:10     | Noticed a wizard
 16384 | D:10     | Reached *** piety under Vehumet
 16498 | D:10     | Noticed Maurice
 16502 | D:10     | Killed a wizard
 16504 | D:10     | Killed Maurice
 16628 | D:10     | Found an ornate altar of the Wu Jian Council.
 16696 | D:10     | Identified a scroll of acquirement
 16696 | D:10     | Acquired 708 gold pieces
 16756 | D:11     | Acquired 714 gold pieces
 16906 | D:11     | Offered knowledge of Fulminant Prism by Vehumet.
 17439 | D:11     | Noticed a green ugly thing
 17461 | D:11     | Killed a brown ugly thing
 17696 | D:11     | Noticed Grum
 17700 | D:11     | Killed Grum
 17779 | D:11     | Acquired a +1 buckler of reflection
 18078 | D:12     | Noticed a red ugly thing
 18105 | D:12     | Noticed an eight-headed hydra
 18168 | Lair:1   | Entered Level 1 of the Lair of Beasts
 18278 | Lair:1   | Identified the +0 ring mail of the Cricket {rF++ Str-2
                  | SInv}
 18377 | Lair:1   | Reached **** piety under Vehumet
 18378 | Lair:1   | Reached skill level 1 in Shields
 18632 | Lair:1   | Noticed Erica
 18639 | Lair:1   | Killed Erica
 18639 | Lair:1   | Offered knowledge of Dazzling Flash by Vehumet.
 18640 | Lair:1   | Gained mutation: You have a pair of antennae on your head.
                  | [demonic ancestry]
 18640 | Lair:1   | Reached XP level 12. HP: 91/91 MP: 17/25
 18642 | Lair:1   | Noticed Gastronok
 18659 | Lair:1   | Killed Gastronok
 18660 | Lair:1   | Reached skill level 10 in Conjurations
 19021 | Lair:2   | Noticed an eight-headed hydra
 19031 | Lair:2   | Killed an eight-headed hydra
 19675 | Lair:2   | Noticed a seven-headed hydra
 19685 | Lair:2   | Killed a seven-headed hydra
 19686 | Lair:2   | Reached skill level 10 in Spellcasting
 20315 | Lair:3   | Noticed a death yak
 20317 | Lair:3   | Noticed a death yak
 20324 | Lair:3   | Killed a death yak
 20325 | Lair:3   | Noticed a death yak
 20700 | Lair:3   | Noticed a death yak
 20700 | Lair:3   | Noticed a death yak
 20700 | Lair:3   | Noticed a death yak
 20712 | Lair:3   | Killed a death yak
 20717 | Lair:3   | Killed a death yak
 20717 | Lair:3   | Killed a death yak
 20717 | Lair:3   | Killed a death yak
 20721 | Lair:3   | Killed a death yak
 20722 | Lair:3   | Gained mutation: You punish those that try to bend your
                  | will. (Will+) [demonic ancestry]
 20722 | Lair:3   | Reached XP level 13. HP: 103/103 MP: 21/27
 20803 | Lair:3   | Found a dark tunnel.
 20811 | Lair:3   | Reached skill level 10 in Fighting
 20896 | Lair:3   | Found a staircase to the Snake Pit.
 21451 | Lair:4   | Found a gate leading to a gauntlet.
 21480 | Lair:4   | Reached ***** piety under Vehumet
 21731 | Gauntlet | Entered a Gauntlet
 21731 | Gauntlet | Found a transporter.
 21731 | Gauntlet | Found a transporter.
 21735 | Gauntlet | Found a transporter.
 21735 | Gauntlet | Found a transporter.
 21741 | Gauntlet | Noticed a reaper
 21744 | Gauntlet | Found a transporter.
 21763 | Gauntlet | Found a transporter.
 21769 | Gauntlet | Found a large runed translucent door.
 21770 | Gauntlet | Found a large runed translucent door.
 21771 | Gauntlet | Found a large runed translucent door.
 21771 | Gauntlet | Found a large runed translucent door.
 21772 | Gauntlet | Found a runed translucent gate.
 21772 | Gauntlet | Found a large runed translucent door.
 21772 | Gauntlet | Found a large runed translucent door.
 21772 | Gauntlet | Found a runed translucent door.
 21773 | Gauntlet | Found a transporter.
 21773 | Gauntlet | Found a runed translucent gate.
 21773 | Gauntlet | Found a transporter.
 21773 | Gauntlet | Found a large runed translucent door.
 21774 | Gauntlet | Found a runed translucent gate.
 21774 | Gauntlet | Found a runed translucent door.
 21774 | Gauntlet | Found a large runed translucent door.
 21776 | Gauntlet | Found a transporter.
 21781 | Gauntlet | Found a large runed translucent door.
 21781 | Gauntlet | Found a large runed translucent door.
 21782 | Gauntlet | Found a large runed translucent door.
 21783 | Gauntlet | Found a large runed translucent door.
 21792 | Gauntlet | Found a large runed translucent door.
 21792 | Gauntlet | Found a large runed translucent door.
 21803 | Gauntlet | Found a transporter.
 21810 | Gauntlet | Found a transporter.
 21828 | Gauntlet | Found a transporter.
 21873 | Gauntlet | Found a transporter.
 21889 | Gauntlet | Found a transporter.
 21989 | Gauntlet | Found a transporter.
 22005 | Gauntlet | Found a transporter.
 22021 | Gauntlet | Found a large runed translucent door.
 22021 | Gauntlet | Found a large runed translucent door.
 22093 | Gauntlet | Offered knowledge of Iskenderun's Mystic Blast by Vehumet.
 22096 | Gauntlet | Reached skill level 10 in Dodging
 22112 | Gauntlet | Identified the amulet of Buceim {Reflect Dex+5 SH+5}
 22210 | Gauntlet | Got the Incunabulum of Ashen Evil Rituals
 22305 | Gauntlet | Learned a level 2 spell: Sublimation of Blood
 22322 | Gauntlet | Identified the amulet of Zeim {Faith rElec rCorr Int-4
                  | Dex+5}
 22440 | Gauntlet | Noticed a minotaur
 22444 | Gauntlet | Killed a minotaur
 22467 | Gauntlet | Identified the +1 robe of Cheibriados's Pride {rPois rC+}
 22573 | Lair:4   | Found a staircase to the Shoals.
 22579 | Lair:4   | Reached skill level 5 in Fire Magic
 23507 | Lair:5   | Found a runed translucent door.
 23850 | Lair:5   | Got the Grimoire of the Compass and Lightness
 24630 | Lair:5   | Got Sif Muna's Guide on the Lethal Arsonist
 24672 | Lair:6   | Entered Level 6 of the Lair of Beasts
 25414 | Lair:6   | Found a viscous altar of Jiyva.
 25427 | Lair:6   | Found a staircase to the Slime Pits.
 25460 | Lair:6   | Reached XP level 14. HP: 103/113 MP: 20/28
 27009 | D:12     | Found a staircase to the Orcish Mines.
 27009 | D:12     | Found Loicvioc's Armour Boutique.
 27047 | Orc:1    | Entered Level 1 of the Orcish Mines
 27052 | Orc:1    | Offered knowledge of Hailstorm by Vehumet.
 27573 | Orc:1    | Noticed Jorgrun
 27575 | Orc:1    | Found a runed translucent door.
 27575 | Orc:1    | Noticed Moesa's ghost (journeyman GrFi)
 27588 | Orc:1    | Killed Jorgrun
 28075 | Orc:2    | Entered Level 2 of the Orcish Mines
 28292 | Orc:2    | Noticed Snorg
 28305 | Orc:2    | Killed Snorg
 28720 | Orc:2    | Found a staircase to the Elven Halls.
 29568 | Orc:2    | Offered knowledge of Ozocubu's Refrigeration by Vehumet.
 29717 | Orc:2    | Reached skill level 10 in Fire Magic
 29953 | Orc:2    | Found Laiwkezu's Antique Weapon Boutique.
 29953 | Orc:2    | Found Jomol's Antique Weapon Boutique.
 29975 | Orc:2    | Found Wesmurah's Magic Scroll Boutique.
 29975 | Orc:2    | Found Qorataol's Book Shop.
 29983 | Orc:2    | Bought a scroll of teleportation for 48 gold pieces
 29983 | Orc:2    | Bought a scroll of blinking for 120 gold pieces
 29983 | Orc:2    | Bought a scroll of fear for 56 gold pieces
 29983 | Orc:2    | Bought a scroll of teleportation for 48 gold pieces
 29983 | Orc:2    | Bought a scroll of immolation for 56 gold pieces
 29983 | Orc:2    | Bought a scroll of fog for 32 gold pieces
 29983 | Orc:2    | Bought a scroll of blinking for 120 gold pieces
 29985 | Orc:2    | Bought a book of Spatial Translocations for 364 gold pieces
 29988 | Orc:2    | Learned a level 2 spell: Blink
 30575 | D:12     | Found Voduawa's Weapon Shoppe.
 30888 | D:13     | Found a flagged portal.
 30953 | Bailey   | Entered a bailey
 30995 | Bailey   | Found the ring of the Mage {Wiz Will++ Int+3}
 31011 | Bailey   | Acquired 759 gold pieces
 31033 | Bailey   | Learned a level 8 spell: Ignition
 31107 | Bailey   | Identified the +0 robe "Quplyff" {Contam rF++ Archmagi}
 31352 | D:13     | Reached XP level 15. HP: 110/120 MP: 24/31
 31895 | D:13     | You fall into a shaft and drop 2 floors!
 31895 | D:15     | Entered Level 15 of the Dungeon
 32532 | D:14     | Found an opulent altar of Gozag.
 32658 | D:14     | Reached skill level 5 in Shields
 33073 | D:14     | Noticed Agnes
 33079 | D:14     | Killed Agnes
 33207 | D:14     | Slain by a +6 long sword

Illustrated notes

Levels and vault maps discovered:
D:1:      evilmike_arrival_plus, layout_basic, basic_ecumenical_altar,
          serial_bayou_pond_d
D:2:      wander_river, layout_loops_ring, grunt_ministairs_12,
          kennysheep_another_room, serial_bayou_pond_a, uniq_robin
D:3:      layout_loops_corners, mainiacjoe_overflow_alcove_4,
          lightli_temple_of_fire, serial_forest, infiniplex_forest_lined_room_2,
          infiniplex_forest_clump_small, infiniplex_forest_lined_room_3,
          infiniplex_forest_clump_small, infiniplex_forest_clump_small,
          infiniplex_forest_corner_2, infiniplex_forest_side_room,
          infiniplex_forest_lined_corner, gammafunk_ghost_necromancy,
          due_unseen_surprise, uniq_natasha, uniq_ijyb, uniq_jessica
D:4:      layout_basic
D:5:      layout_layer_cave, cheibrodos_sewer_entry_bend
D:6:      layout_basic, mainiacjoe_overflow_catwalk, slow_altar_1,
          minmay_temple_entry_arrows, minmay_misc_feat_tower
D:7:      nzn_winding_woodlands_medium [nzn_winding_woodlands_5x5_closed_star,
          nzn_winding_woodlands_5x15_crooked,
          nzn_winding_woodlands_5x5_checkerboard,
          nzn_winding_woodlands_5x5_cross, nzn_winding_woodlands_center_garden,
          nzn_winding_woodlands_hourglass, nzn_winding_woodlands_5x5_perimeter,
          nzn_winding_woodlands_5x15_pockets, nzn_winding_woodlands_5x5_three],
          layout_basic, mainiacjoe_overflow_brackets, uniq_duvessa
D:8:      layout_gridville
D:9:      layout_rooms, pdpol_temple_overflow_zin_treasury_gozag_greed,
          serial_curves, eino_curves_03, eino_curves_02, minivault_16,
          uniq_erolcha
D:10:     layout_cave_pools, nicolae_wu_jian_immortal_techniques,
          grunt_temple_overflow_open, lair_entry_dummy, minivault_20,
          uniq_maurice
D:11:     kennysheep_big_flooded_room, layout_gridville, uniq_grum
D:12:     layout_gridville, orc_david_3, serial_shops, shop
D:13:     layout_loops_ring, enter_bailey_2
D:14:     dragon1_lemuel, layout_rooms, erik_vaults_1, serial_curves,
          eino_curves_03, eino_curves_03, eino_curves_02,
          minmay_stone_trees_medium, nicolae_gozag_seed_capital, uniq_agnes
D:15:     hangedman_depths_entry_civil_slaughter, layout_loops_cross,
          hangedman_decor_slide_cut, chequers_serial_rivers_marsh,
          minmay_misc_feat_diagonals, hangedman_aviary, uniq_azrael
Temple:   minmay_temple_bridge_abc
Lair:1:   layout_roguey, uniq_gastronok, uniq_erica
Lair:2:   layout_cellular_growth, minmay_lair_oklob_bushes,
          chequers_serial_rivers_room_b, grunt_megastairs_5
Lair:3:   layout_roguey, minmay_snake_entry_spellcaster,
          nicolae_volcano_entry_vermiform, grunt_forest_small_clearings,
          grunt_megastairs_1
Lair:4:   layout_loops_ring, elwin_shoals_entry_stream, gauntlet_entry_generic,
          grunt_megastairs_3
Lair:5:   dpeg_oklob_gauntlet, layout_cellular_growth, pf_torpor_hydra
Lair:6:   cheibrodos_lair_end_hotspot, layout_hall_layers, slime_altar_1
Orc:1:    layout_caves, gammafunk_ghost_grave, basic_altar,
          nicolae_orc_crystal_geode, uniq_jorgrun
Orc:2:    st_orc_pillars, layout_diamond_mine, basic_altar, mines3_lemuel,
          uniq_snorg

Skill      XL: |  1  2  3  4  5  6  7  8  9 10 11 12 13 14 15 |
---------------+----------------------------------------------+-----
Poison Magic   | 4 5 6 8 |  8.0
Spellcasting   | 4 6 7 8 9 10 12 | 12.0
Conjurations   | 2 4 7 9 10 | 10.0
Fire Magic     | 1 4 7 11 12 | 12.5
Dodging        | 2 3 4 5 6 9 10 | 10.0
Fighting       | 1 3 4 6 7 9 11 12 | 12.0
Air Magic      | 2 |  2.2
Shields        | 3 4 6 |  6.4
Stealth        | |  1.7
Transmutations | |  0.8

Action                   |  1- 3 |  4- 6 |  7- 9 | 10-12 | 13-15 || total
-------------------------+-------+-------+-------+-------+-------++-------
Melee: Unarmed           |     7 |       |       |       |       ||     7
       Whip              |       |    54 |   121 |    16 |    27 ||   218
       Tailslap          |       |       |    14 |     6 |     5 ||    25
Throw: Javelin           |       |     2 |       |       |       ||     2
 Cast: Sting             |    65 |   165 |    33 |       |       ||   263
       Olgreb's Toxic Ra |       |       |    79 |    69 |   191 ||   339
       Ignite Poison     |       |       |    33 |    55 |   142 ||   230
       Mephitic Cloud    |       |       |    14 |     1 |     1 ||    16
       Flame Wave        |       |       |     8 |    47 |    66 ||   121
       Swiftness         |       |       |     2 |       |     1 ||     3
       Sublimation of Bl |       |       |       |       |     2 ||     2
Evoke: Wand              |       |     4 |       |     1 |     4 ||     9
       Tin of tremorston |       |       |       |       |     2 ||     2
       Box of beasts     |       |       |       |       |     1 ||     1
  Use: Scroll            |     1 |     4 |     2 |    19 |    10 ||    36
       Potion            |       |     3 |       |     1 |     3 ||     7
 Stab: Confused          |       |       |     1 |       |       ||     1
       Distracted        |       |       |       |     1 |       ||     1
Armor: Robe              |     9 |    18 |    36 |       |     9 ||    72
       Steam dragon scal |       |       |       |    56 |    37 ||    93
Dodge: Dodged            |    32 |    86 |   171 |   215 |   196 ||   700
Block: Buckler           |       |       |       |    17 |   176 ||   193
       Reflection        |       |       |       |       |    18 ||    18

Table legend: (Time is in decaauts)
 A = Elapsed time spent in this place.
 B = Non-inter-level travel time spent in this place.
 C = Inter-level travel time spent in this place.
 D = Time resting spent in this place.
 E = Time spent auto-exploring this place.
 F = Levels seen in this place.
 G = Mean time per level.
                   A        B        C        D        E       F      G
               +--------+--------+--------+--------+--------+-----+--------+
         Total |  33373 |  31742 |   1631 |   7338 |  19316 |  27 | 1236.0 |
       Dungeon |  20573 |  19505 |   1068 |   4554 |  11895 |  15 | 1371.5 |
        Temple |    196 |    177 |     19 |      0 |    167 |   1 |  196.0 |
          Lair |   7515 |   7067 |    448 |   1174 |   5118 |   6 | 1252.5 |
  Orcish Mines |   2987 |   2892 |     95 |    916 |   1319 |   2 | 1493.5 |
         Sewer |   1158 |   1158 |      0 |    393 |    500 |   1 | 1158.0 |
        Bailey |    193 |    193 |      0 |     36 |     35 |   1 |  193.0 |
      Gauntlet |    748 |    748 |      0 |    265 |    281 |   1 |  748.0 |
               +--------+--------+--------+--------+--------+-----+--------+

Top non-repeatable levels by time:
     D:6: 3198 daAuts
     D:7: 2194 daAuts
     D:3: 1682 daAuts
   Orc:2: 1675 daAuts
  Lair:5: 1671 daAuts
     D:5: 1616 daAuts
     D:4: 1607 daAuts
    D:11: 1461 daAuts
  Lair:6: 1448 daAuts
     D:1: 1439 daAuts
    D:12: 1384 daAuts
     D:2: 1342 daAuts
   Orc:1: 1311 daAuts
  Lair:2: 1229 daAuts
    D:13: 1161 daAuts
